 Dungeon Crawl Stone Soup version 0.31-a0-506-g3d79149578 (console) character file.

Game seed: 13330563350224661585

82 Lexodia the Cudgeller (level 4, -1/45 HPs)
             Began as an Ogre Gladiator on Aug 9, 2023.
             Was a Follower of Okawaru.
             Slain by an orc
             ... wielding a +0 club
              (4 damage)
             ... on level 3 of the Dungeon.
             The game lasted 00:03:18 (2229 turns).

Lexodia the Cudgeller (Ogre Gladiator)              Turns: 2229, Time: 00:03:20

Health: -1/45      AC:  3    Str: 20    XL:     4   Next: 43%
Magic:  4/4        EV: 10    Int:  9    God:    Okawaru [*.....]
Gold:   166        SH:  0    Dex: 10    Spells: 3/3 levels left

rFire   . . .        a - +0 flail
rCold   . . .        (no shield)
rNeg    . . .        b - +0 robe
rPois   .            c - +0 hat
rElec   .            (no cloak)
rCorr   .            (gloves unavailable)
SInv    .            (boots unavailable)
Will    .....        (no amulet)
Stlth   +            (no ring)
HPRegen 0.27/turn    (no ring)
MPRegen 0.09/turn

%: no passive effects
@: no status effects
A: large, unfitting armour, tough skin 1
a: Renounce Religion, Heroism


You were on level 3 of the Dungeon.
You worshipped Okawaru.
Okawaru was aware of your devotion.
You visited 1 branch of the dungeon, and saw 3 of its levels.

You collected 166 gold pieces.

Inventory:

Hand Weapons
 a - a +0 flail (weapon)
 g - a +4 rapier
Missiles
 d - 2 throwing nets (quivered)
 e - a large rock
 v - 4 poisoned darts
 w - 30 stones
Armour
 b - a +0 robe (worn)
 c - a +0 hat (worn)
Jewellery
 q - a +4 ring of protection
Scrolls
 f - a scroll of vulnerability {unknown}
 h - a scroll of amnesia {unknown}
 j - a scroll of poison {unknown}
 k - a scroll of teleportation {unknown}
 m - 2 scrolls of identify {unknown}
 n - a scroll of noise {unknown}
 o - a scroll of fog {unknown}
 u - a scroll of blinking {unknown}
Potions
 i - 2 potions of attraction {unknown}
 l - 3 potions of curing {unknown}
 p - 2 potions of mutation {unknown}
 r - a potion of heal wounds {unknown}
 s - a potion of haste {unknown}
 t - a potion of lignification {unknown}
 x - a potion of enlightenment {unknown}


   Skills:
 + Level 3.3 Fighting
 * Level 3.3 Maces & Flails
 * Level 2.9 Throwing
 - Level 1.0 Armour
 - Level 3.0 Dodging
 + Level 0.1 Invocations


You had 3 spell levels left.
You didn't know any spells.
Your spell library was empty.

Dungeon Overview and Level Annotations

Branches:
Dungeon (3/15)

Altars:
Okawaru


Innate Abilities, Weirdness & Mutations

You are too large for most types of armour.
You have tough skin. (AC +1)


Message History

Damage: -7%(-3hp) hp: 56%(25hp)
You barely miss the orc.
The orc is lightly wounded.
The orc hits you with a +0 whip.
Damage: -7%(-3hp) hp: 49%(22hp)
You hit the orc.
The orc is almost dead.
The orc hits you with a +0 whip.
Damage: -2%(-1hp) hp: 47%(21hp)
You barely miss the orc. You punch the orc.
You kill the orc!
Okawaru accepts your kill.
You hit the orc.
The orc is almost dead.
The orc hits you with a +0 flail!
* * * LOW HITPOINT WARNING * * *
The orc hits you with a +0 flail.
* * * LOW HITPOINT WARNING * * *
Huge Dmg: -31%(-14hp) hp: 16%(7hp)
Press: ? - help, v - describe, . - travel, g - get item
Here: an orc, wielding a +0 flail and wearing a +0 ring mail (almost dead)
Items here: a +0 whip; a +0 ring mail.
The floor, spattered with blood.
Unknown command.
You hit the orc but do no damage.
The orc is almost dead.
The orc hits you with a +0 flail.
* * * LOW HITPOINT WARNING * * *
Huge Dmg: -9%(-4hp) hp: 7%(3hp) Unknown command.
You sock the orc!
You kill the orc!
Okawaru accepts your kill.
Throw: 3 throwing nets
Press: ? - help, Q - select action, (/) - cycle Shift-Dir - straight line, f - orc
Aim: an orc, wielding a +0 club (54% to hit)
You throw a throwing net.
The throwing net closely misses the orc.
The orc hits you with a +0 club.
You die...

#. ..# #... ....### ..[..
... #)####
######(o@.###########
#.....###..##........
+......#......#######
###......#.#....#
#.+.............#
#.#........###..#
#.#........# #..####
#.#.......# #.....#
####.######..#####.##.####


You could see an orc.

Vanquished Creatures
  A gnoll (D:1)
  2 adders (D:2)
  A dart slug (D:1)
  3 orcs (D:3)
  6 ball pythons
  6 endoplasms
  2 giant cockroaches
  4 hobgoblins (D:1)
  4 jackals (D:2)
  5 kobolds (D:1)
  A quokka (D:3)
  6 bats
  A frilled lizard (D:1)
  4 rats
46 creatures vanquished.

Notes
Turn   | Place    | Note
-------+----------+-------------------------------------------
     0 | D:1      | Lexodia the Ogre Gladiator began the quest for the Orb.
     0 | D:1      | Reached XP level 1. HP: 22/22 MP: 1/1
   221 | D:1      | Reached XP level 2. HP: 18/29 MP: 2/2
   223 | D:1      | Huge Dmg: 6 dmg
   224 | D:1      | Huge Dmg: 4 dmg
   386 | D:1      | Huge Dmg: 9 dmg
   387 | D:1      | Reached XP level 3. HP: 14/37 MP: 3/3
  1273 | D:2      | Reached XP level 4. HP: 32/45 MP: 4/4
  1424 | D:2      | Reached skill level 1 in Armour
  1780 | D:3      | Found a faded altar of an unknown god.
  2058 | D:3      | Prayed at the altar of an unknown god.
  2058 | D:3      | Became a worshipper of Warmaster Okawaru
  2058 | D:3      | Reached * piety under Okawaru
  2220 | D:3      | Huge Dmg: 8 dmg
  2227 | D:3      | Huge Dmg: 14 dmg
  2228 | D:3      | Huge Dmg: 4 dmg
  2229 | D:3      | Slain by an orc

Illustrated notes

Levels and vault maps discovered:
D:1:      saegor_arrival_fortress, layout_basic, st_stairs_10
D:2:      layout_rooms, dk_noncrumbling_3
D:3:      kennysheep_the_goblin_king, layout_basic,
          chequers_ecumenical_altar_twisty, kennysheep_crisscross,
          amcnicky_mini_corridor_feature

Skill      XL: |  1  2  3  4 |
---------------+-------------+-----
Fighting       | 3 |  3.3
Maces & Flails | 3 |  3.3
Dodging        | 3 |  3.0
Armour         | 1 |  1.0
Throwing       | |  2.9
Invocations    | |  0.1

Action                     |  1- 3 |  4- 6 || total
---------------------------+-------+-------++-------
  Melee: Flail             |   108 |    28 ||   136
         Punch             |       |     2 ||     2
  Throw: Throwing net      |       |     1 ||     1
 Armour: Robe              |    46 |    10 ||    56
  Dodge: Dodged            |    81 |    12 ||    93

Table legend: (Time is in decaauts)
 A = Elapsed time spent in this place.
 B = Non-inter-level travel time spent in this place.
 C = Inter-level travel time spent in this place.
 D = Time resting spent in this place.
 E = Time spent auto-exploring this place.
 F = Levels seen in this place.
 G = Mean time per level.
                   A        B        C        D        E       F      G
               +--------+--------+--------+--------+--------+-----+--------+
         Total |   2264 |   2074 |    190 |      0 |   1737 |   3 |  754.7 |
       Dungeon |   2264 |   2074 |    190 |      0 |   1737 |   3 |  754.7 |
               +--------+--------+--------+--------+--------+-----+--------+

Top non-repeatable levels by time:
     D:1: 1190 daAuts
     D:2: 675 daAuts
     D:3: 398 daAuts
